 Dungeon Crawl Stone Soup version 0.28-a0-863-g8cecda6153 (webtiles) character file.

Game seed: 10623509771616255683

6433 Astera the Cleaver (level 10, -4/84 HPs)
             Began as a Palentonga Fighter on Nov 18, 2021.
             Was an Elder of Elyvilon.
             Slain by a tentacled starspawn (6 damage)
             ... on level 1 of the Abyss on Nov 20, 2021.
             The game lasted 00:39:31 (14305 turns).

Astera the Cleaver (Palentonga Fighter)            Turns: 14305, Time: 00:39:32

Health: -4/84      AC: 17    Str: 21    XL:     10   Next: 67%
Magic:  6/10       EV:  9    Int: 10    God:    Elyvilon [****..]
Gold:   695        SH:  4    Dex: 10    Spells: 9/9 levels left

rFire   + . .      SeeInvis +   F - +5 war axe (freeze)
rCold   . . .      Faith    .   c - +0 buckler
rNeg    . . .      Spirit   .   g - +2 ring mail {Will+}
rPois   +          Reflect  .   p - +0 helmet
rElec   .          Harm     .   (no cloak)
rCorr   .          Rampage  .   (no gloves)
Will    +....                   (no barding)
Stlth   +.........              D - amulet of regeneration
HPRegen 1.24/turn               e - ring of protection from fire
MPRegen 0.12/turn               m - ring of poison resistance

@: curled up
A: large, rugged brown scales 3, see invisible, deformed body, roll 1, armoured
tail, reflexive curl
a: Rolling Charge, Renounce Religion, Purification, Heal Other, Heal Self


You were on level 1 of the Abyss.
You worshipped Elyvilon.
Elyvilon was greatly pleased with you.
You visited 1 branch of the dungeon, and saw 10 of its levels.
You visited the Abyss 1 time.

You collected 695 gold pieces.

Inventory:

Hand Weapons
 F - a +5 war axe of freezing (weapon)
Missiles
 B - 2 throwing nets
 E - 6 silver boomerangs
Armour
 c - a +0 buckler (worn)
 g - a +2 ring mail of willpower (worn)
 p - a +0 helmet (worn)
Jewellery
 e - a ring of protection from fire (left hand)
 i - an amulet of guardian spirit
 m - a ring of poison resistance (right hand)
 C - a ring of willpower
 D - an amulet of regeneration (around neck)
Scrolls
 b - a scroll of brand weapon {unknown}
 f - 2 scrolls of identify
 k - 2 scrolls of enchant armour {unknown}
 l - 2 scrolls of fog
 n - a scroll of blinking {unknown}
 q - 2 scrolls of immolation {unknown}
 s - a scroll of vulnerability {unknown}
 v - 2 scrolls of amnesia {unknown}
 x - a scroll of torment {unknown}
 y - a scroll of acquirement {unknown}
 z - a scroll of magic mapping {unknown}
Potions
 a - a potion of degeneration {unknown}
 d - 2 potions of might
 h - 2 potions of berserk rage
 j - 3 potions of heal wounds {unknown}
 o - a potion of flight
 r - 4 potions of curing {unknown}
 t - 2 potions of haste {unknown}
 u - a potion of attraction {unknown}
 w - 2 potions of cancellation {unknown}
 A - a potion of mutation {unknown}
 G - a potion of invisibility {unknown}


   Skills:
 + Level 7.2 Fighting
 + Level 10.7 Axes
 + Level 6.8 Armour
 + Level 4.0 Dodging
 + Level 1.3 Stealth
 + Level 4.5 Shields
 + Level 1.2 Invocations


You had 9 spell levels left.
You didn't know any spells.
Your spell library contained the following spells:

 Spells                   Type           Power      Damage    Failure   Level
 Foxfire                  Conj/Fire      0%         2x1d4     52%         1
 Blink                    Tloc           0%         N/A       65%         2
 Corpse Rot               Necr/Air       0%         N/A       65%         2
 Ensorcelled Hibernation  Hex/Ice        0%         N/A       65%         2
 Poisonous Vapours        Pois/Air       0%         N/A       65%         2
 Conjure Flame            Conj/Fire      0%         6-21      87%         3
 Inner Flame              Hex/Fire       0%         N/A       87%         3
 Lesser Beckoning         Tloc           0%         N/A       87%         3
 Summon Guardian Golem    Hex/Summ       0%         N/A       87%         3
 Tukima's Dance           Hex            0%         N/A       87%         3
 Flame Wave               Conj/Fire      0%         3d3       99%         4
 Manifold Assault         Tloc           0%         N/A       100%        5
 Summon Cactus Giant      Summ           0%         N/A       100%        6


Dungeon Overview and Level Annotations

Branches:
Dungeon (10/15)            Temple (0/1) D:5            Lair (0/6) D:10
    Orc: D:9-12

Altars:
Ashenzari
Cheibriados
Elyvilon
Fedhas
Hepliaklqana
Kikubaaqudgha
Trog
Uskayaw
Xom
Yredelemnul
Zin

Shops:
D:1 *   D:5 *

Annotations:
D:10 Gastronok, Sonja


Innate Abilities, Weirdness & Mutations

You are completely covered in rugged brown scales. (AC +3, +7% HP)
You have supernaturally acute eyesight. (SInv)
Armour fits poorly on your strangely shaped body.
You can roll at nearby foes to attack.
You have a long armoured tail.
You curl defensively after being hit. (AC +7*)


Message History

The tentacled starspawn is moderately damaged.
You slice the tentacled starspawn!! You freeze the tentacled starspawn.
The tentacled starspawn is heavily damaged.
The orange demon stings you from afar.
You slash the tentacled starspawn! You freeze the tentacled starspawn.
The tentacled starspawn is severely damaged.
The orange demon stings you from afar!
You are poisoned.
The orange demon poisons you!
You barely miss the tentacled starspawn.
The tentacled starspawn is severely damaged.
You feel very sick. The tentacled starspawn bites you!!
* * * LOW HITPOINT WARNING * * *
You block the tentacled starspawn's attack.
The orange demon stings you from afar! Elyvilon protects you from harm!
You feel purified!
The tentacled starspawn bites you but does no damage.
The tentacled starspawn tentacle-slaps you.
* * * LOW HITPOINT WARNING * * *
You block the orange demon's attack.
You are healed.
The tentacled starspawn bites you but does no damage.
The tentacled starspawn tentacle-slaps you but does no damage.
The orange demon stings you from afar.
* * * LOW HITPOINT WARNING * * *
You hit the tentacled starspawn. You freeze the tentacled starspawn.
You tail-slap the tentacled starspawn.
The tentacled starspawn is severely damaged.
The tentacled starspawn bites you.
* * * LOW HITPOINT WARNING * * *
The tentacled starspawn barely misses you.
The orange demon stings you but does no damage.
You barely miss the tentacled starspawn.
The tentacled starspawn is severely damaged.
The tentacled starspawn bites you!!
* * * LOW HITPOINT WARNING * * *
The tentacled starspawn tentacle-slaps you.
You die...

### # #@#
.## ..
#X#ยง ..##
. .#
##4w###..
.. .#.
.#... . ..
##.......#
#..###..#
###. # .
... .... #
.4.......
# # ...#.
# #.


You could see a tentacled starspawn, an orange demon and a starspawn tentacle.

Vanquished Creatures
  Pikel (D:6)
  Maurice (D:8)
  2 smoke demons (Abyss:1)
  2 shadows (D:9)
  3 yaks (D:9)
  Grum (D:8)
  3 water moccasins
  2 ice beasts
  3 orc warriors
  A necrophage (D:4)
  2 wolves (D:8)
  7 centaurs
  2 kobold brigands (D:8)
  A gnoll sergeant (D:10)
  A bullfrog (D:9)
  3 scorpions
  17 wights
  3 howler monkeys (D:9)
  A centaur zombie (D:10)
  3 jellies
  4 hounds
  2 gnoll shamans (D:7)
  5 orc priests
  3 iguanas
  Jessica (D:3)
  Natasha (thrice) (D:2)
  15 orc wizards
  A hound zombie (D:5)
  A howler monkey zombie (D:8)
  4 adders
  13 gnolls
  A howler monkey skeleton (D:5)
  A white imp (D:6)
  An ufetubus (D:4)
  An adder skeleton (D:4)
  4 worms
  6 dart slugs
  42 orcs
  4 ball pythons
  8 bats
  4 endoplasms
  6 giant cockroaches
  9 goblins
  5 hobgoblins
  8 kobolds
  5 quokkas
  3 frilled lizards
  7 rats
226 creatures vanquished.

Vanquished Creatures (others)
  An orc priest (D:9)
  7 plants (D:3)
  5 starspawn tentacles (Abyss:1)
13 creatures vanquished.

Grand Total: 239 creatures vanquished

Notes
Turn   | Place    | Note
-------+----------+-------------------------------------------
     0 | D:1      | Astera the Palentonga Fighter began the quest for the Orb.
     0 | D:1      | Reached XP level 1. HP: 19/19 MP: 1/1
   144 | D:1      | Found Meam Per's General Store.
   153 | D:1      | Reached XP level 2. HP: 25/25 MP: 2/2
   561 | D:1      | Reached XP level 3. HP: 26/31 MP: 3/3
  1068 | D:2      | Got the Volume of Aerial Creation
  1241 | D:2      | Noticed Natasha
  1249 | D:2      | Killed Natasha
  1450 | D:2      | Reached XP level 4. HP: 37/37 MP: 4/4
  1452 | D:2      | Noticed Natasha
  1459 | D:2      | Killed Natasha
  1729 | D:2      | Noticed Natasha
  1738 | D:2      | Killed Natasha
  1739 | D:2      | Reached skill level 3 in Axes
  1853 | D:2      | Found a faded altar of an unknown god.
  1880 | D:2      | Prayed at the altar of an unknown god.
  1880 | D:2      | Became a worshipper of Elyvilon the Healer
  1880 | D:2      | Reached * piety under Elyvilon
  2464 | D:3      | Reached XP level 5. HP: 23/43 MP: 5/5
  2666 | D:3      | Reached ** piety under Elyvilon
  3072 | D:3      | Found a broken altar of Ashenzari.
  3181 | D:3      | Found a hazy altar of Hepliaklqana.
  3188 | D:3      | Reached skill level 4 in Axes
  3292 | D:3      | Noticed Jessica
  3295 | D:3      | Killed Jessica
  3639 | D:4      | Reached XP level 6. HP: 19/51 MP: 4/6
  3644 | D:4      | HP: 1/51 [orc (3)]
  4561 | D:4      | You fall into a shaft and drop 3 floors!
  4703 | D:6      | Reached *** piety under Elyvilon
  4775 | D:6      | Reached skill level 5 in Axes
  5009 | D:6      | Gained mutation: You curl defensively after being hit. (AC
                  | +7*) [Palentonga growth]
  5009 | D:6      | Reached XP level 7. HP: 20/57 MP: 3/7
  5282 | D:5      | Entered Level 5 of the Dungeon
  5769 | D:4      | Reached skill level 1 in Dodging
  5999 | D:4      | Reached skill level 6 in Axes
  6232 | D:5      | Found a hide-covered altar of Uskayaw.
  6261 | D:5      | Found a staircase to the Ecumenical Temple.
  6460 | D:5      | Found a snail-covered altar of Cheibriados.
  6745 | D:5      | Reached XP level 8. HP: 36/65 MP: 3/8
  6916 | D:5      | Found Wicamiun's General Store.
  6934 | D:5      | Reached **** piety under Elyvilon
  7232 | D:5      | Found a white marble altar of Elyvilon.
  7469 | D:6      | Noticed Pikel
  7487 | D:6      | Killed Pikel
  7488 | D:6      | Reached skill level 5 in Fighting
  7488 | D:6      | Reached skill level 7 in Axes
  7488 | D:6      | Reached skill level 5 in Armour
  7488 | D:6      | Reached skill level 1 in Stealth
  7782 | D:6      | Found a bloodstained altar of Trog.
  9037 | D:6      | Reached XP level 9. HP: 37/66 MP: 5/9
  9179 | D:6      | Reached skill level 8 in Axes
 10284 | D:7      | Found an ancient bone altar of Kikubaaqudgha.
 11025 | D:8      | Noticed Grum
 11028 | D:8      | Reached skill level 9 in Axes
 11042 | D:8      | Killed Grum
 11507 | D:8      | Found a blossoming altar of Fedhas.
 11571 | D:8      | Found a glowing silver altar of Zin.
 11597 | D:8      | Noticed Maurice
 12004 | D:8      | Killed Maurice
 12005 | D:8      | Reached XP level 10. HP: 49/82 MP: 5/10
 12745 | D:9      | Reached skill level 10 in Axes
 12819 | D:9      | Reached ***** piety under Elyvilon
 13153 | D:9      | Noticed a cyclops
 13491 | D:9      | Found a shimmering altar of Xom.
 13618 | D:10     | Entered Level 10 of the Dungeon
 13644 | D:10     | Noticed Gastronok
 13868 | D:10     | Found a basalt altar of Yredelemnul.
 13874 | D:10     | Found a staircase to the Lair.
 13949 | D:10     | Noticed Sonja
 14178 | D:10     | HP: 4/84 [Sonja (4)]
 14184 | D:10     | Cast into level 1 of the Abyss (Sonja)
 14218 | Abyss:1  | Noticed an orange demon
 14247 | Abyss:1  | Noticed a smoke demon
 14254 | Abyss:1  | Killed a smoke demon
 14263 | Abyss:1  | Noticed an orange demon
 14268 | Abyss:1  | Noticed a tentacled starspawn
 14273 | Abyss:1  | Noticed a smoke demon
 14294 | Abyss:1  | Killed a smoke demon
 14295 | Abyss:1  | Reached skill level 1 in Invocations
 14301 | Abyss:1  | Elyvilon protects you from harm!
 14305 | Abyss:1  | HP: 2/84 [tentacled starspawn (18)]
 14305 | Abyss:1  | Slain by a tentacled starspawn

Illustrated notes

Levels and vault maps discovered:
D:1:      shiori_arrival_oz, layout_loops_ring, serial_shops,
          nicolae_shop_window_shopping
D:2:      layout_loops_corners, hellmonk_ecumenical_altar_prayer_group,
          uniq_natasha
D:3:      kennysheep_big_flooded_room, layout_loops_ring,
          nicolae_hepliaklqana_hazy_memory, mainiacjoe_overflow_alcove_4,
          feat_on_display, uniq_jessica
D:4:      layout_loops_corners, amcnicky_mini_rare_corridor_liquid
D:5:      layout_loops_ring, eat_drink_and_be_merry_uskayaw, slow_altar_1,
          marbit_many_paths, minmay_temple_entry_drinking_statues, serial_shops,
          shop, minmay_circle_x
D:6:      layout_basic, trog_three_pillars_becter, minmay_fractal_squares_5,
          uniq_pikel
D:7:      layout_basic, kennysheep_little_box
D:8:      layout_loops_ring, nicolae_overflow_crystal_walls,
          fedhas_ov_isle_minmay, uniq_maurice, uniq_grum
D:9:      layout_stronghold, lemuel_round_altar
D:10:     layout_rooms, lemuel_crystal_altar, lair_entry_dummy, minivault_15,
          uniq_gastronok, uniq_sonja
Abyss:1:  base: D:1, hangedman_abyss_or_decor_stabs,
          serial_sigils_hangedman_shear, serial_sigils_hangedman_shear,
          evilmike_abyss_exit_17

Skill      XL: |  1  2  3  4  5  6  7  8  9 10 |
---------------+-------------------------------+-----
Armour         | 3 4 5 6 |  6.8
Axes           | 3 4 5 6 7 9 10 | 10.7
Fighting       | 4 5 6 7 |  7.2
Dodging        | 1 2 3 4 |  4.0
Shields        | 3 4 |  4.5
Stealth        | 1 |  1.3
Invocations    | 1 |  1.2

Action                   |  1- 3 |  4- 6 |  7- 9 | 10-12 || total
-------------------------+-------+-------+-------+-------++-------
Melee: War axe           |   111 |   186 |   426 |   145 ||   868
       Tailslap          |     9 |    12 |    67 |    25 ||   113
Invok: Heal Self         |       |       |     1 |     7 ||     8
       Purification      |       |       |     1 |     2 ||     3
 Abil: Rolling Charge    |     1 |    11 |       |    19 ||    31
  Use: Scroll            |       |     5 |       |       ||     5
       Potion            |       |     1 |       |       ||     1
 Stab: Sleeping          |       |     1 |       |       ||     1
Armor: Scale mail        |    70 |    70 |    67 |       ||   207
       Ring mail         |       |       |   151 |    86 ||   237
Dodge: Dodged            |    42 |    63 |   165 |    94 ||   364
Block: Buckler           |    21 |    28 |    83 |    42 ||   174

Table legend: (Time is in decaauts)
 A = Elapsed time spent in this place.
 B = Non-inter-level travel time spent in this place.
 C = Inter-level travel time spent in this place.
 D = Time resting spent in this place.
 E = Time spent auto-exploring this place.
 F = Levels seen in this place.
 G = Mean time per level.
                   A        B        C        D        E       F      G
               +--------+--------+--------+--------+--------+-----+--------+
         Total |  14528 |  14141 |    387 |   3412 |   7269 |  11 | 1320.7 |
       Dungeon |  14408 |  14021 |    387 |   3384 |   7269 |  10 | 1440.8 |
         Abyss |    119 |    119 |      0 |     28 |      0 |   1 |  119.0 |
               +--------+--------+--------+--------+--------+-----+--------+

Top non-repeatable levels by time:
     D:6: 2452 daAuts
     D:7: 1882 daAuts
     D:4: 1668 daAuts
     D:8: 1644 daAuts
     D:3: 1613 daAuts
     D:9: 1395 daAuts
     D:2: 1294 daAuts
     D:5: 1275 daAuts
     D:1: 960 daAuts
    D:10: 221 daAuts
 Abyss:1: 119 daAuts
